 Seeded DCSS version 0.30.1-9-gdf580d7c3d (webtiles) character file.

Game seed: 6351066067085065685 (custom seed)

6862 Esekla the Thaumaturge (level 10, -1/52 HPs)
             Began as a Deep Elf Wanderer on Oct 21, 2023.
             Was an Elder of Vehumet.
             Killed from afar by a gargoyle (19 damage)
             ... with a stone arrow
             ... on level 10 of the Dungeon.
             The game lasted 01:11:08 (7802 turns).

Esekla the Thaumaturge (Deep Elf Wanderer)          Turns: 7802, Time: 01:11:09

Health: -1/52      AC:  6    Str: 11    XL:     10   Next: 78%
Magic:  38/38      EV: 13    Int: 23    God:    Vehumet [****..]
Gold:   686        SH:  4    Dex: 11    Spells: 19/36 levels left

rFire   . . .        v - +2 rapier (venom)
rCold   . . .        d - +0 buckler
rNeg    . . .        J - +0 robe
rPois   .            M - +1 helmet
rElec   .            E - +0 cloak
rCorr   .            l - +0 pair of gloves
SInv    .            (no boots)
Will    +....        x - amulet of magic regeneration
Stlth   ++           O - ring of magical power
HPRegen 0.28/turn    (no ring)
MPRegen 0.66/turn

%: no passive effects
@: studying Fighting
A: no striking features
a: Renounce Religion


You were on level 10 of the Dungeon.
You worshipped Vehumet.
Vehumet was greatly pleased with you.
You visited 1 branch of the dungeon, and saw 10 of its levels.
You also visited: Bailey.

You collected 686 gold pieces.

Inventory:

Hand Weapons
 a - a +2 vampiric dagger
 c - a +4 scimitar
 r - a +4 trident of venom
 s - the +5 rapier of the Hero {heavy, rN+ Dex+3}
   (You found it on level 3 of the Dungeon)

   Dex:       It affects your dexterity (+3).
   rN:        It protects you from negative energy.
 v - a +2 rapier of venom (weapon)
Missiles
 C - 42 poisoned darts (quivered)
 K - 4 curare-tipped darts
 P - 5 boomerangs
Armour
 d - a +0 buckler (worn)
 l - a +0 pair of gloves (worn)
 E - a +0 cloak (worn)
 J - a +0 robe (worn)
 M - a +1 helmet (worn)
Jewellery
 x - an amulet of magic regeneration (around neck)
 O - a ring of magical power (left hand)
Wands
 k - a wand of roots (18)
 A - a wand of flame (10)
 G - a wand of mindburst (9)
Scrolls
 o - a scroll of enchant armour
 p - 2 scrolls of amnesia
 t - a scroll of fog
 w - a scroll of magic mapping
 y - 2 scrolls of fear
 z - 4 scrolls of enchant weapon {unknown}
 B - 5 scrolls of blinking {unknown}
 F - 2 scrolls of poison
 H - 2 scrolls of teleportation
 I - 3 scrolls of noise {unknown}
 N - a scroll of silence
 Q - a scroll of acquirement
Potions
 b - 3 potions of lignification
 e - 3 potions of ambrosia {unknown}
 f - 5 potions of attraction
 h - 2 potions of heal wounds {unknown}
 i - 4 potions of haste {unknown}
 j - 4 potions of curing
 n - a potion of mutation
 u - 2 potions of brilliance


   Skills:
 * Level 1.3 Fighting
 + Level 3.6 Short Blades
 + Level 1.7 Throwing
 * Level 5.9 Dodging
 + Level 4.1 Stealth
 + Level 2.7 Shields
 * Level 13.8 Spellcasting
 + Level 3.3 Conjurations
 * Level 8.3 Necromancy
 + Level 4.2 Translocations
 + Level 1.5 Transmutations
 + Level 3.2 Fire Magic
 * Level 2.6 Air Magic
 + Level 3.3 Poison Magic
 + Level 1.0 Invocations
 + Level 0.4 Evocations


You had 19 spell levels left.
You knew the following spells:

 Your Spells              Type           Power      Damage    Failure   Level
a - Magic Dart            Conj           100%       1d8       1%          1
b - Blink                 Tloc           70%        N/A       1%          2
c - Mephitic Cloud        Conj/Pois/Air  30%        N/A       1%          3
d - Vampiric Draining     Necr           52%        2d9       1%          3
n - Ignite Poison         Fire/Tmut/Pois 28%        N/A       1%          3
p - Apportation           Tloc           70%        N/A       1%          1
y - Sticky Flame          Conj/Fire      31%        2d5       4%          4

Your spell library contained the following spells:

 Spells                   Type           Power      Damage    Failure   Level
 Iron Shot                Conj/Erth      11%        9d3       67%         6
 Lesser Beckoning         Tloc           70%        N/A       1%          2
 Gell's Gravitas          Tloc           35%        N/A       2%          3
 Teleport Other           Tloc           35%        N/A       2%          3
 Spider Form              Tmut/Pois      27%        N/A       6%          3
 Cause Fear               Hex            7%         N/A       47%         4
 Summon Mana Viper        Hex/Summ       15%        N/A       83%         5


Dungeon Overview and Level Annotations

Branches:
Dungeon (10/15)            Temple (0/1) D:6          Bailey (visited)
   Lair: D:8-11         Orc: D:9-12

Altars:
Dithmenos
Fedhas
Hepliaklqana
Nemelex Xobeh
Okawaru
Qazlal
Ru
Trog
Uskayaw
Vehumet
Zin
The Shining One

Shops:
D:2 =   D:4 (

Annotations:
D:8 3 transporters


Message History

An orc wizard comes into view. It is wielding a +0 dagger.
An orc comes into view. It is wielding a +0 flail.
Found a sacrificial altar of Ru.
The orc wizard casts a spell.
The orc wizard flickers and vanishes!
Deactivating autopickup; reactivate with Ctrl-A.
The orc priest shouts!
Casting: Vampiric Draining (safe; 1% risk of failure)
Confirm with . or Enter, or press ? or * to list all spells.
Aiming: Mephitic Cloud (safe; 1% risk of failure)
Press: ? - help, Shift-Dir - straight line, f - orc priest
Aim: an orc priest, wielding a +0 hand axe (chance to affect: 86%)
The ball explodes into a vile cloud!
The stinking cloud engulfs the orc priest but does no damage.
You hear a bellow!
You hear an angry buzzing noise.
You hear a bellow! x2
You hear an angry buzzing noise.
You hear a howl!
You hear an angry buzzing noise.
The orc priest is engulfed in noxious fumes.
The orc priest appears confused.
You are confused.
A gargoyle comes into view. It is wielding a +0 mace of protection.
You feel better.
The orc priest is engulfed in noxious fumes.
The orc priest appears confused.
The gargoyle hurls a stone arrow at you.
The stone arrow hits you!!
The orc priest calls down the wrath of Beogh upon you.
Something writhes in agony!
The orc priest casts a cantrip, but nothing happens.
The gargoyle hurls a stone arrow at you.
The stone arrow hits you!
* * * LOW HITPOINT WARNING * * *
As you read the scroll of fog, it crumbles to dust.
The scroll dissolves into smoke.
Casting: Mephitic Cloud (safe; 1% risk of failure)
Confirm with . or Enter, or press ? or * to list all spells.
You don't know that spell.
The gargoyle hurls a stone arrow at you.
The stone arrow hits you!!
You die...

##.....#######§.§...........
+.....#..o~~..#.............
#....#..~.o.~..#............
###.# ..~._.~..§#...........
... ..~...~..#............
... #..~~~..#9....).......
.....
##.#######..............
....
#......................#
....
#......@....#######....#
............# ####....#
............# #..)###..
............# #...# #..
..........######...###..
..............##...##...
...............##...##...
...............##...##...
...........######...##...


You could see a gargoyle.

Vanquished Creatures
  A two-headed ogre (D:9)
  Pikel (D:6)
  2 orc knights (Bailey)
  Joseph (D:7)
  3 yaks (D:10)
  A steam dragon (D:8)
  A wyvern (D:7)
  Menkaure (D:7)
  An ice beast (D:6)
  A sky beast (D:6)
  8 orc warriors
  2 black bears
  2 ogres
  2 centaurs
  A phantom (D:7)
  Blork the orc (D:6)
  3 kobold brigands
  2 gnoll sergeants
  A bullfrog (D:7)
  2 scorpions (D:5)
  3 wights (D:7)
  8 killer bees
  A quasit (D:8)
  2 gnoll boudas
  6 hounds
  A jelly (D:6)
  Crazy Yiuf (D:7)
  4 orc priests (D:8)
  5 iguanas
  A sleepcap (D:5)
  5 orc wizards
  21 gnolls
  9 adders
  3 shadow imps
  5 white imps
  3 ufetubi
  A worm (D:4)
  3 dart slugs
  48 orcs
  4 endoplasms
  9 goblins
  7 hobgoblins
  A quokka (D:1)
  6 ball pythons
  4 bats
  4 frilled lizards
  21 kobolds
  A rat (D:2)
224 creatures vanquished.

Vanquished Creatures (others)
  An ufetubus (D:8)
  2 orcs (D:8)
3 creatures vanquished.

Grand Total: 227 creatures vanquished

Notes
Turn   | Place    | Note
-------+----------+-------------------------------------------
     0 | D:1      | Esekla the Deep Elf Wanderer began the quest for the Orb.
     0 | D:1      | Esekla set off with the following items: a +0 club, a
                  | potion of lignification, a +0 robe, a +0 buckler; and the
                  | following spells available to memorise: Apportation, Blink,
                  | Lesser Beckoning, Magic Dart, Ignite Poison, Vampiric
                  | Draining.
     0 | D:1      | Reached XP level 1. HP: 10/10 MP: 7/7
     2 | D:1      | Learned a level 1 spell: Magic Dart
     4 | D:1      | Learned a level 1 spell: Apportation
   309 | D:2      | Found Renulab's Jewellery Shop.
   479 | D:4      | Found a radiant altar of Vehumet.
   487 | D:4      | Found an iron altar of Okawaru.
   498 | D:4      | Found a glowing silver altar of Zin.
   582 | D:4      | Became a worshipper of Vehumet
   794 | D:3      | Reached XP level 2. HP: 15/15 MP: 5/9
   952 | D:3      | Identified the +5 rapier of the Hero {heavy, rN+ Dex+3}
   976 | D:2      | Learned a level 2 spell: Blink
  1018 | D:2      | Reached skill level 5 in Spellcasting
  1018 | D:2      | Reached skill level 1 in Necromancy
  1224 | D:1      | Reached XP level 3. HP: 19/19 MP: 11/11
  1228 | D:1      | Learned a level 3 spell: Vampiric Draining
  1296 | D:1      | Reached * piety under Vehumet
  1296 | D:1      | Offered knowledge of Sandblast by Vehumet.
  1910 | D:3      | Found a stormy altar of Qazlal.
  1922 | D:3      | Reached XP level 4. HP: 17/24 MP: 10/13
  1926 | D:3      | Reached skill level 1 in Short Blades
  1926 | D:3      | Reached skill level 1 in Dodging
  1991 | D:3      | Found a bloodstained altar of Trog.
  1993 | D:3      | Found a hazy altar of Hepliaklqana.
  2244 | D:5      | Entered Level 5 of the Dungeon
  2252 | D:5      | Got the Parchment of the Lumpy Olives
  2270 | D:5      | Found a shadowy altar of Dithmenos.
  2360 | D:5      | Reached skill level 6 in Spellcasting
  2360 | D:5      | Reached XP level 5. HP: 13/28 MP: 1/15
  2496 | D:5      | Reached skill level 7 in Spellcasting
  2509 | D:5      | Reached XP level 6. HP: 32/32 MP: 18/18
  2678 | D:6      | Noticed an ice beast
  2693 | D:6      | Killed an ice beast
  2817 | D:4      | Found Ponaysk's Antique Weapon Boutique.
  3070 | D:2      | Reached ** piety under Vehumet
  3070 | D:2      | Offered knowledge of Momentum Strike by Vehumet.
  3127 | D:2      | Found a faded altar of an unknown god.
  3169 | D:2      | Reached skill level 8 in Spellcasting
  3169 | D:2      | Reached XP level 7. HP: 35/36 MP: 14/20
  3320 | D:4      | Found a glowing golden altar of the Shining One.
  3602 | D:5      | Reached skill level 9 in Spellcasting
  3874 | D:6      | Offered knowledge of Inner Flame by Vehumet.
  3905 | D:6      | Reached XP level 8. HP: 39/41 MP: 17/23
  3924 | D:6      | Found a blossoming altar of Fedhas.
  4050 | D:6      | Found a staircase to the Ecumenical Temple.
  4179 | D:6      | Reached skill level 10 in Spellcasting
  4191 | D:6      | Learned a level 3 spell: Ignite Poison
  4226 | D:6      | Noticed Pikel
  4251 | D:7      | Found a runed translucent door.
  4252 | D:7      | Noticed Crazy Yiuf
  4259 | D:7      | Killed Crazy Yiuf
  4260 | D:7      | Reached skill level 5 in Necromancy
  4324 | D:7      | Reached *** piety under Vehumet
  4365 | D:7      | Noticed Menkaure
  4371 | D:7      | Killed Menkaure
  4372 | D:7      | Reached skill level 1 in Transmutations
  4372 | D:7      | Reached skill level 1 in Fire Magic
  4372 | D:7      | Reached skill level 1 in Poison Magic
  4728 | D:7      | Offered knowledge of Sticky Flame by Vehumet.
  4735 | D:7      | Learned a level 4 spell: Sticky Flame
  4747 | D:7      | Reached skill level 11 in Spellcasting
  4905 | D:6      | Noticed Blork the orc
  4921 | D:6      | Killed Blork the orc
  4922 | D:6      | Reached skill level 1 in Conjurations
  4922 | D:6      | Reached XP level 9. HP: 41/45 MP: 14/26
  4954 | D:6      | Killed Pikel
  5204 | D:7      | Reached skill level 1 in Throwing
  5261 | D:7      | Noticed Joseph
  5277 | D:7      | Killed Joseph
  5386 | D:8      | Reached skill level 12 in Spellcasting
  5438 | D:8      | Reached **** piety under Vehumet
  5440 | D:8      | Offered knowledge of Mephitic Cloud by Vehumet.
  5458 | D:7      | Learned a level 3 spell: Mephitic Cloud
  5545 | D:8      | Found a hide-covered altar of Uskayaw.
  5650 | D:7      | Reached skill level 1 in Air Magic
  5691 | D:8      | Noticed a two-headed ogre
  5889 | D:8      | Found a transporter.
  5889 | D:8      | Found a transporter.
  5892 | D:8      | Found a transporter.
  5952 | D:8      | Found a transporter.
  6601 | D:9      | Found a flagged portal.
  6637 | Bailey   | Entered a bailey
  6657 | Bailey   | Reached ***** piety under Vehumet
  6657 | Bailey   | Offered knowledge of Iron Shot by Vehumet.
  6658 | Bailey   | Reached XP level 10. HP: 44/50 MP: 22/28
  6705 | Bailey   | Reached skill level 5 in Dodging
  6824 | Bailey   | Identified the +2 bardiche of Puhoisos {heavy, rElec
                  | Stlth+}
  6892 | Bailey   | Noticed an orc knight
  6892 | Bailey   | Noticed an orc knight
  6942 | Bailey   | Killed an orc knight
  6945 | Bailey   | Killed an orc knight
  6946 | Bailey   | Reached skill level 13 in Spellcasting
  7189 | D:9      | Noticed a two-headed ogre
  7195 | D:9      | Killed a two-headed ogre
  7196 | D:9      | Reached skill level 1 in Fighting
  7325 | D:9      | Found a sparkling altar of Nemelex Xobeh.
  7406 | D:10     | Entered Level 10 of the Dungeon
  7780 | D:10     | Found a sacrificial altar of Ru.
  7782 | D:10     | Noticed a gargoyle
  7802 | D:10     | Killed from afar by a gargoyle

Illustrated notes

Levels and vault maps discovered:
D:1:      sevenhm_arrival_forest_fort_small_3, layout_rooms,
          chequers_serial_rivers_room_b, minmay_misc_feat_five
D:2:      layout_loops_ring, dreamdust_ecumenical_altar_angels_and_demons,
          serial_shops, shop
D:3:      layout_basic, grunt_temple_overflow_open, minmay_misc_feat_iff
D:4:      layout_basic, nicolae_overflow_quartered_altars, serial_shops,
          nicolae_diamond_shop
D:5:      layout_loops_ring, lemuel_doored_altar, minmay_misc_feat_rows,
          dreamdust_wishing_well
D:6:      layout_loops_cross, fedhas_altar_fruit_tree,
          minmay_temple_entry_glass, uniq_pikel, uniq_blork_the_orc
D:7:      layout_basic, uniq_menkaure, uniq_joseph, uniq_crazy_yiuf_cottage
D:8:      layout_basic, nicolae_uskayaw_dance_hall, serial_demonic,
          serial_demonic_d, serial_demonic_a, serial_demonic_c,
          serial_demonic_c, nicolae_diode_quadrants
D:9:      layout_irregular_city, kennysheep_little_box, enter_bailey_4,
          minmay_between, uniq_harold
D:10:     layout_basic, nicolae_ru_awakened_eye

Skill      XL: |  1  2  3  4  5  6  7  8  9 10 |
---------------+-------------------------------+-----
Spellcasting   | 5 6 7 8 9 11 12 13 | 13.8
Necromancy     | 1 2 4 5 7 8 |  8.3
Short Blades   | 1 2 3 |  3.6
Dodging        | 1 2 3 4 5 |  5.9
Stealth        | 2 3 4 |  4.1
Translocations | 3 4 |  4.2
Shields        | 2 |  2.7
Transmutations | 1 |  1.5
Fire Magic     | 1 3 |  3.2
Poison Magic   | 1 3 |  3.3
Conjurations   | 1 3 |  3.3
Throwing       | 1 |  1.7
Air Magic      | 1 2 |  2.6
Fighting       | 1 |  1.3
Invocations    | |  1.0
Evocations     | |  0.4

Action                     |  1- 3 |  4- 6 |  7- 9 | 10-12 || total
---------------------------+-------+-------+-------+-------++-------
  Melee: Short sword       |    15 |       |       |       ||    15
         Rapier            |    29 |    40 |   144 |    49 ||   262
         Dagger            |       |       |   102 |    18 ||   120
         Scimitar          |       |       |     1 |       ||     1
  Throw: Dart              |       |     5 |    32 |    20 ||    57
   Cast: Apportation       |    28 |    24 |    41 |     8 ||   101
         Magic Dart        |    52 |    21 |    51 |     6 ||   130
         Vampiric Draining |       |    18 |    73 |    35 ||   126
         Blink             |       |       |     1 |       ||     1
         Sticky Flame      |       |       |    10 |    10 ||    20
         Ignite Poison     |       |       |     3 |     5 ||     8
         Mephitic Cloud    |       |       |     3 |     7 ||    10
  Evoke: Wand              |       |       |     9 |       ||     9
    Use: Scroll            |     1 |       |       |    12 ||    13
         Potion            |     1 |       |     3 |     3 ||     7
   Stab: Sleeping          |     2 |     2 |     8 |     1 ||    13
         Distracted        |       |       |       |     1 ||     1
         Confused          |       |       |       |     1 ||     1
 Armour: Robe              |    12 |     7 |    74 |    35 ||   128
  Dodge: Dodged            |    38 |    39 |   245 |    92 ||   414
  Block: Buckler           |    10 |    13 |    72 |    30 ||   125
